 Dungeon Crawl Stone Soup version 0.23-a0-143-g1adec7b (webtiles) character file.

532 taqueso the Slasher (level 7, 0/45 HPs)
             Began as an Octopode Gladiator on Sept 3, 2018.
             Slain by a sky beast (5 damage)
             ... on level 5 of the Dungeon.
             The game lasted 00:07:41 (3651 turns).

taqueso the Slasher (Octopode Gladiator)            Turns: 3651, Time: 00:07:41

Health: 0/45       AC:  1    Str: 14    XL:     7   Next: 24%
Magic:  7/7        EV: 16    Int: 10    God:
Gold:   207        SH:  0    Dex: 15    Spells: 6/6 levels left

rFire    . . .     SeeInvis .   a - +0 long sword
rCold    . . .     Gourm    .   (no shield)
rNeg     . . .     Faith    .   b - +0 hat
rPois    .         Spirit   .   (no amulet)
rElec    .         Reflect  .   (no ring)
rCorr    .         Harm     .   (no ring)
MR       .....                  (no ring)
Stlth    ++........             (no ring)
HPRegen  0.15/turn              (no ring)
MPRegen  0.10/turn              (no ring)
                                (no ring)
                                (no ring)

@: no status effects
A: almost no armour, stealthy swim, amphibious, 8 rings, constrict 8, camouflage
1, gelatinous body 1
a: no special abilities


You were on level 5 of the Dungeon.
You were hungry.

You visited 1 branch of the dungeon, and saw 5 of its levels.

You collected 207 gold pieces.

Inventory:

Hand Weapons
 a - a +0 long sword (weapon)
Missiles
 c - 3 throwing nets {=f!f}
 e - 68 stones (quivered)
 o - 4 tomahawks
Armour
 b - a +0 hat (worn)
Wands
 s - a wand of iceblast (6)
Scrolls
 g - 2 scrolls of identify
 h - 2 scrolls of teleportation
 i - a scroll of magic mapping
 n - a scroll of remove curse
 q - a scroll of amnesia
 r - a scroll of random uselessness {unknown}
Comestibles
 d - 7 rations


   Skills:
 - Level 2.0 Fighting
 * Level 6.9 Long Blades
 - Level 2.0 Throwing
 + Level 5.0 Dodging


You had 6 spell levels left.
You didn't know any spells.
Your spell library was empty.

Dungeon Overview and Level Annotations

Branches:
Dungeon (5/15)
 Temple: D:4-7

Altars:
Sif Muna
Zin
The Shining One


Innate Abilities, Weirdness & Mutations

You cannot wear most types of armour.
You are very stealthy in the water. (Stealth+)
You are amphibious.
You can wear up to eight rings at the same time.
You can use your tentacles to constrict eight enemies at once.
Your skin changes colour to match your surroundings (Stealth+).
Your rubbery body absorbs attacks. (AC +1, EV +1)


Message History

Something shocks you.
You miss something. Your squeeze misses something. Something hits you.
Something shocks you.
* * * LOW HITPOINT WARNING * * *
You closely miss something. Something hits you.
* * * LOW HITPOINT WARNING * * *
Something shocks you.
* * * LOW HITPOINT WARNING * * *
You feel better. Something hits you.
* * * LOW HITPOINT WARNING * * *
Something shocks you.
* * * LOW HITPOINT WARNING * * *
You feel better. Something hits you.
* * * LOW HITPOINT WARNING * * *
Something shocks you.
* * * LOW HITPOINT WARNING * * *
You closely miss something. Something hits you.
* * * LOW HITPOINT WARNING * * *
Something shocks you.
You die...

## ..# #.#
#.## #..
#.#####.
#.#####.......
#...{@..#
#########.# ..
#.#
#.#######.###
#.#.........#
#.#.#####.#.#
#.#.# #.#.#
#.#.#####.# #
#.........#


There were no monsters in sight!

Vanquished Creatures
  A black bear (D:4)
  An ogre (D:4)
  A centaur (D:3)
  A howler monkey (D:4)
  A hound (D:4)
  A centaur skeleton (D:4)
  An iguana (D:4)
  A howler monkey skeleton (D:4)
  5 adders
  A shadow imp (D:2)
  An ooze (D:3)
  2 worms (D:2)
  2 dart slugs (D:1)
  A leopard gecko (D:3)
  10 orcs
  A ball python (D:4)
  5 giant cockroaches
  6 goblins
  5 hobgoblins
  12 jackals
  3 bats (D:1)
  5 frilled lizards
  A jackal skeleton (D:4)
  10 kobolds
  6 rats
84 creatures vanquished.

Notes
Turn   | Place    | Note
-------+----------+-------------------------------------------
     0 | D:1      | taqueso the Octopode Gladiator began the quest for the Orb.
     0 | D:1      | Reached XP level 1. HP: 14/14 MP: 1/1
    47 | D:1      | Reached XP level 2. HP: 16/19 MP: 2/2
   445 | D:1      | Reached XP level 3. HP: 21/24 MP: 3/3
   516 | D:1      | Reached skill level 4 in Long Blades
  1270 | D:2      | Reached XP level 4. HP: 29/29 MP: 4/4
  1350 | D:2      | Found a glowing silver altar of Zin.
  1802 | D:2      | Found a glowing golden altar of the Shining One.
  1942 | D:3      | Noticed a centaur
  1952 | D:3      | Killed a centaur
  1952 | D:3      | Reached skill level 5 in Long Blades
  1952 | D:3      | Reached XP level 5. HP: 18/34 MP: 5/5
  2565 | D:4      | Noticed an ogre
  2573 | D:4      | Killed an ogre
  2573 | D:4      | Reached XP level 6. HP: 39/39 MP: 6/6
  2586 | D:4      | Reached skill level 6 in Long Blades
  2985 | D:4      | Noticed a black bear
  2992 | D:4      | Killed a black bear
  2992 | D:4      | Reached skill level 5 in Dodging
  2992 | D:4      | Reached XP level 7. HP: 45/45 MP: 7/7
  3192 | D:4      | Found a deep blue altar of Sif Muna.
  3614 | D:5      | Entered Level 5 of the Dungeon
  3651 | D:5      | Slain by a sky beast

Vault maps used:
D:1:      dpeg_arrival_rooms_b, minmay_misc_feat_room
D:2:      lemuel_crystal_altar, nicolae_tso_swordbearing_angel
D:3:      first_ration, hangedman_decor_diamond_cutter
D:4:      kennysheep_mini_moat, lemuel_flame_loot_1

Skill      XL: |  1  2  3  4  5  6 |
---------------+-------------------+-----
Long Blades    | 4 5 6 |  6.9
Dodging        | 4 5 |  5.0
Fighting       | |  2.0
Throwing       | |  2.0

Action                   |  1- 3 |  4- 6 |  7- 9 || total
-------------------------+-------+-------+-------++-------
Melee: Long sword        |    47 |    69 |    15 ||   131
       Constrict         |    18 |    20 |     1 ||    39
       Tentacles         |    10 |    14 |     3 ||    27
Throw: Stone             |    83 |   118 |       ||   201
  Use: Potion            |       |     2 |     2 ||     4
       Scroll            |       |     6 |       ||     6
 Stab: Sleeping          |       |     1 |     2 ||     3
  Eat: Chunk             |     1 |     6 |     1 ||     8
Armor: Skin              |       |     2 |       ||     2
Dodge: Dodged            |    32 |    55 |     8 ||    95
       Rpst.: Long sword |     8 |    20 |     3 ||    31

Table legend:
 A = Non-vault XP
 B = Vault XP
 C = Vault XP percentage of total XP
 D = Non-vault monster count
 E = Vault monster count
 F = Vault count percentage of total count
                 A         B        C        D         E       F
            +---------+---------+-------+---------+---------+-------
      Total |     760 |       0 |   0.0 |      84 |       0 |   0.0
            +---------+---------+-------+---------+---------+-------
        D:1 |      46 |       0 |   0.0 |      26 |       0 |   0.0
        D:2 |      52 |       0 |   0.0 |      21 |       0 |   0.0
        D:3 |     176 |       0 |   0.0 |      19 |       0 |   0.0
        D:4 |     486 |       0 |   0.0 |      18 |       0 |   0.0
            +---------+---------+-------+---------+---------+-------
